Map: Data-C

Players

Galeforce

  • Race: Protoss Protoss
  • League: Master
  • Spawn Location: 3:00

Rengen - Winner!

  • Race: Protoss Protoss
  • Spawn Location: 9:00

Event: DreamHack SC2 Masters 2022 Atlanta (Offline)

VOD

Have the link to the VOD?

Description

Time

  • Played on: Nov. 18, 2022, 11:46 a.m.
  • Length: 15:34

All games in this series

Show
View Real Time Build Order
Export as new Build Order

Galeforce Protoss 

Build Orders: Oracle Opening 

Get SALT Encoding   

  12  0:00  Probe  
  13  0:12  Probe  
  14  0:17  Pylon  
  14  0:25  Probe (Chrono Boost)  
  15  0:38  Probe (Chrono Boost)  
  15  0:39  Gateway  
  16  0:44  Probe (Chrono Boost)  
  16  0:46  Assimilator  
  17  0:52  Probe  
  17  0:55  Assimilator  
  18  1:04  Probe (Chrono Boost)  
  18  1:09  Gateway  
  19  1:13  Probe (Chrono Boost)  
  20  1:18  Probe (Chrono Boost)  
  21  1:26  Cybernetics Core  
  21  1:30  Probe  
  22  1:41  Pylon  
  22  1:42  Probe  
  23  1:59  Probe  
  24  2:02  Stargate  
  24  2:03  Adept  
  24  2:04  Adept  
  28  2:14  Warp Gate  
  28  2:16  Probe  
  28  2:19  Pylon  
  29  2:28  Probe  
  30  2:41  Probe  
  30  2:44  Oracle (Chrono Boost)  
  33  2:51  Stalker  
  35  2:58  Pylon  
  35  2:59  Stalker  
  35  3:01  Probe  
  38  3:26  Nexus  
  34  3:38  Twilight Council, Probe  
  35  3:49  Gateway  
  35  3:56  Probe  
  36  4:03  Stalker  
  36  4:07  Stalker  
  40  4:11  Probe  
  41  4:19  Blink (Chrono Boost)  
  41  4:25  Probe  
  42  4:31  Pylon  
  42  4:35  Stalker  
  44  4:38  Probe  
  44  4:41  Probe (Chrono Boost)  
  46  4:49  Stalker  
  46  4:51  Probe (Chrono Boost)  
  49  4:56  Probe (Chrono Boost)  
  50  5:01  Stalker  
  50  5:04  Probe (Chrono Boost), Stalker  
  52  5:12  Probe  
  52  5:13  Probe  
  52  5:22  Stalker  
  52  5:24  Probe  
  55  5:33  Stalker x2  
  59  5:36  Probe (Chrono Boost)  
  61  5:42  Probe (Chrono Boost)  
  61  5:45  Pylon  
  61  5:53  Probe  
  61  5:55  Probe  
  61  5:56  Pylon  
  63  5:59  Assimilator  
  63  6:03  Stalker x3  
  69  6:07  Gateway  
  69  6:10  Probe  
  70  6:12  Charge  
  70  6:20  Probe, Pylon  
  70  6:22  Probe  
  72  6:33  Stalker  
  72  6:34  Stalker x2  
  78  6:49  Nexus  
  78  6:52  Pylon  
  78  6:56  Probe  
  78  6:57  Forge  
  79  7:06  Stalker  
  79  7:07  Stalker  
  84  7:08  Probe x2  
  85  7:16  Shield Battery x2  
  85  7:26  Gateway, Stalker  
  85  7:31  Stalker  
  85  7:33  Protoss Ground Weapons Level 1 (Chrono Boost), Zealot  
  85  7:35  Zealot  
  91  7:41  Probe x2  
  93  7:51  Zealot  
  95  7:58  Gateway  
  95  8:01  Gateway  
  95  8:02  Probe x2  
  95  8:03  Probe  
  98  8:14  Probe, Stalker x3  
  105  8:22  Zealot x2  
  101  8:39  Stalker x2  
  95  8:48  Zealot x3  
  89  9:01  Probe x2  
  86  9:08  Stalker x3  
  88  9:15  Probe x3 (Chrono Boost)  
  91  9:17  Stalker x2  
  94  9:27  Probe x2 (Chrono Boost)  
  94  9:29  Probe (Chrono Boost)  
  97  9:34  Probe x2 (Chrono Boost)  
  97  9:36  Zealot x2  
  97  9:37  Zealot, Probe (Chrono Boost)  
  106  9:47  Protoss Ground Weapons Level 2 (Chrono Boost)  
  106  9:49  Probe x2  
  106  9:50  Probe  
  105  9:54  Stalker x2  
  109  10:01  Probe x2  
  109  10:03  Probe  
  112  10:13  Probe x2  
  114  10:24  Zealot  
  116  10:32  Pylon x2  
  116  10:34  Pylon  
  116  10:36  Pylon x2  
  116  10:46  Pylon  
  115  10:55  Pylon  
  115  10:57  Pylon  
  115  11:02  Nexus, Stalker x6  
  126  11:19  Nexus  
  126  11:24  Probe x2  
  128  11:34  Robotics Facility  
  128  11:36  Probe (Chrono Boost)  
  128  11:37  Zealot x2  
  128  11:38  Zealot  
  135  11:40  Probe (Chrono Boost)  
  136  11:51  Zealot  
  136  11:52  Zealot x2, Probe (Chrono Boost)  
  143  11:56  Probe  
  143  11:58  Assimilator  
  144  12:06  Photon Cannon  
  144  12:10  Photon Cannon  
  144  12:11  Probe  
  144  12:12  Probe  
  144  12:14  Probe  
  147  12:22  Protoss Ground Weapons Level 3  
  147  12:25  Observer  
  147  12:27  Probe x2  
  145  12:44  Shield Battery  
  145  12:46  Photon Cannon  
  145  12:50  Probe x3  
  148  12:51  Templar Archives  
  148  12:55  Robotics Bay, Probe  
  148  12:58  Shield Battery  
  149  13:02  Probe x2  
  149  13:03  Stalker x2  
  155  13:08  Probe x2  
  157  13:14  Zealot x2, Probe x2  
  163  13:20  Probe x2  
  163  13:26  Probe, Stalker  
  163  13:27  Stalker x3  
  168  13:29  Probe  
  168  13:32  Probe  
  170  13:34  Warp Prism (Chrono Boost)  
  170  13:35  Zealot x2  
  176  13:53  Gateway  
  176  13:54  Gateway  
  164  14:04  Zealot  
  164  14:07  Zealot x5  
  162  14:20  Photon Cannon  
  162  14:21  Photon Cannon  
  162  14:22  Photon Cannon  
  162  14:23  Photon Cannon  
  162  14:29  Gateway  
  162  14:30  Photon Cannon  
  162  14:31  Photon Cannon, Gateway  
  162  14:36  High Templar x6  
  174  14:40  Archon x3  
  174  14:50  Adept x2  
  174  14:52  Probe x2  
  180  15:07  Probe  
  180  15:14  Zealot x4  
  117  15:25  Zealot x4  
  119  15:28  Zealot x2  
Show
View Real Time Build Order
Export as new Build Order

Rengen Protoss - Winner!

Build Orders:  

Get SALT Encoding   

  12  0:00  Probe  
  13  0:12  Probe  
  14  0:17  Pylon  
  14  0:24  Probe (Chrono Boost)  
  15  0:36  Probe (Chrono Boost)  
  15  0:39  Gateway  
  16  0:45  Probe (Chrono Boost)  
  16  0:47  Assimilator  
  17  0:51  Probe  
  17  0:56  Assimilator  
  18  1:03  Probe (Chrono Boost)  
  19  1:13  Gateway  
  19  1:15  Probe (Chrono Boost)  
  20  1:20  Probe (Chrono Boost)  
  21  1:27  Cybernetics Core  
  21  1:31  Probe  
  22  1:37  Pylon  
  22  1:43  Probe  
  23  1:56  Probe  
  24  2:02  Warp Gate (Chrono Boost)  
  24  2:05  Stalker x2  
  28  2:10  Probe  
  28  2:13  Pylon  
  29  2:35  Stalker x2  
  33  2:55  Robotics Facility  
  33  2:56  Shield Battery  
  33  3:08  Pylon  
  33  3:19  Pylon  
  32  3:32  Probe  
  32  3:42  Nexus  
  32  3:44  Probe, Stalker x2  
  32  3:46  Observer  
  38  3:48  Pylon  
  38  3:56  Probe  
  39  4:04  Pylon  
  39  4:11  Twilight Council, Probe  
  40  4:23  Adept x2  
  44  4:25  Probe (Chrono Boost)  
  44  4:28  Observer (Chrono Boost)  
  46  4:37  Probe (Chrono Boost)  
  47  4:41  Gateway  
  47  4:42  Probe (Chrono Boost)  
  48  4:45  Blink (Chrono Boost)  
  48  4:55  Probe  
  48  4:57  Probe  
  50  5:00  Sentry  
  52  5:10  Probe  
  52  5:11  Probe  
  50  5:22  Probe  
  50  5:24  Probe  
  50  5:25  Sentry  
  50  5:27  Shield Battery  
  54  5:34  Probe  
  55  5:36  Probe  
  56  5:44  Stalker  
  56  5:45  Stalker, Pylon  
  56  5:46  Probe  
  56  5:48  Probe  
  61  5:50  Stalker  
  61  5:53  Pylon  
  63  5:58  Probe  
  63  6:01  Pylon  
  64  6:08  Probe  
  64  6:09  Stalker x2  
  69  6:13  Probe  
  70  6:23  Stalker  
  71  6:27  Assimilator  
  67  6:34  Stalker  
  67  6:36  Shield Battery, Stalker  
  71  6:42  Probe x2  
  71  6:45  Gateway  
  73  6:47  Gateway  
  73  6:48  Stalker, Pylon  
  75  7:05  Stalker x2, Pylon  
  79  7:13  Nexus  
  79  7:17  Stalker  
  81  7:33  Charge, Nexus  
  81  7:35  Adept x2  
  85  7:39  Shield Battery, Probe  
  85  7:40  Probe, Pylon  
  87  7:49  Stalker x2  
  91  7:53  Probe x2  
  91  7:55  Stalker  
  95  8:03  Pylon  
  95  8:05  Probe x2  
  97  8:10  Stalker  
  99  8:18  Stalker x2  
  103  8:26  Stalker  
  105  8:31  Zealot  
  107  8:37  Stalker  
  107  8:43  Stalker  
  109  8:50  Shield Battery  
  109  8:51  Shield Battery  
  109  8:53  Stalker  
  111  9:00  Phoenix  
  111  9:01  Probe x2  
  111  9:02  Probe  
  114  9:03  Stalker  
  116  9:12  Zealot x3  
  116  9:13  Probe  
  116  9:14  Probe x2  
  121  9:24  Gateway  
  121  9:26  Probe x3  
  121  9:29  Forge  
  121  9:31  Pylon  
  124  9:37  Zealot x2, Pylon  
  124  9:38  Probe  
  129  9:42  Phoenix  
  129  9:43  Zealot x2  
  133  9:51  Zealot  
  135  9:57  Pylon  
  135  10:01  Probe x3  
  135  10:04  Assimilator  
  135  10:06  Assimilator  
  138  10:09  Photon Cannon  
  138  10:12  Photon Cannon  
  138  10:16  Protoss Ground Weapons Level 1 (Chrono Boost)  
  138  10:18  Zealot x2  
  136  10:26  Nexus  
  136  10:33  Probe x2  
  138  10:39  Robotics Bay  
  138  10:41  Photon Cannon  
  138  10:42  Zealot, Templar Archives, Pylon  
  138  10:43  Zealot  
  142  10:51  Zealot x3  
  148  11:04  Observer  
  146  11:10  Zealot x3  
  144  11:16  Zealot x3  
  150  11:22  Photon Cannon  
  150  11:23  Pylon  
  150  11:24  Gateway  
  150  11:25  Gateway  
  150  11:31  High Templar x3  
  156  11:35  Archon, Pylon  
  156  11:37  High Templar x3  
  162  11:42  Archon  
  162  11:43  Shield Battery  
  162  11:44  Shield Battery  
  162  11:48  Archon  
  162  11:54  Disruptor (Chrono Boost)  
  162  11:55  Gateway  
  162  11:57  Assimilator  
  162  11:59  Gateway  
  165  12:05  Zealot x3  
  171  12:08  Dark Shrine  
  171  12:12  Zealot  
  171  12:13  Zealot x2  
  171  12:14  Protoss Ground Weapons Level 2 (Chrono Boost)  
  177  12:17  Pylon  
  177  12:18  Photon Cannon, Gateway  
  177  12:19  Gateway  
  177  12:35  Disruptor (Chrono Boost)  
  177  12:37  Photon Cannon  
  177  12:40  Photon Cannon  
  174  12:50  Robotics Facility  
  174  12:52  Pylon  
  174  12:56  Assimilator  
  174  13:01  Disruptor (Chrono Boost)  
  174  13:03  Assimilator  
  177  13:11  Nexus, Stalker  
  177  13:12  Stalker x3  
  185  13:13  Pylon  
  185  13:19  Probe x3  
  188  13:32  Pylon  
  188  13:35  Dark Templar  
  188  13:36  Dark Templar x3  
  196  13:41  Dark Templar  
  196  13:48  Shield Battery  
  198  13:50  Pylon  
  198  13:52  Disruptor (Chrono Boost)  
  189  13:58  Dark Templar x2  
  178  14:14  Photon Cannon  
  178  14:15  Disruptor (Chrono Boost)  
  178  14:16  Photon Cannon  
  178  14:18  Shield Battery  
  178  14:19  Disruptor (Chrono Boost)  
  178  14:21  Assimilator  
  181  14:25  Assimilator  
  181  14:31  Zealot x7  
  195  14:45  Disruptor  
  198  14:48  Stalker  
  200  14:55  Dark Templar x2  
  193  15:06  Stalker x6  
Tags
 
Add a new tag
Caveats
  • Supply blocks, unpowered buildings, or Contaminate may cause inaccurate times.
  • Supply counts are checked every 10 seconds.